 Dungeon Crawl Stone Soup version 0.30.1-9-gdf580d7c3d (webtiles) character file.

Game seed: 8364005613287720392

675687 Ijustatesigmund the Metallomancer (level 27, -16/177 HPs)
             Began as a Gargoyle Earth Elementalist on Oct 6, 2023.
             Was the Champion of Vehumet.
             Killed from afar by a shard shrike (33 damage)
             ... with a shard of ice
             ... in the Vestibule of Hell on Oct 10, 2023.
             The game lasted 06:33:38 (118792 turns).

Ijustatesigmund the Metallomancer (GrEE)          Turns: 118792, Time: 06:33:42

Health: -16/177    AC: 40    Str: 18 (19) XL:     27
Magic:  8/48       EV: 17    Int: 35      God:    Vehumet [******]
Gold:   7757       SH:  7    Dex: 12      Spells: 6/69 levels left

rFire   + + +        X - staff of air "Qeothrunu" {rElec rC++ Dex+2}
rCold   + + +        n - +2 buckler "Zycerov" {Fly Regen+}
rNeg    + + +        O - +4 fire dragon scales
rPois   ∞            B - -2 hat of the Alchemist {rElec rPois rF+ rC+ rN+ Will+ rMut rCorr}
rElec   +            E - scarf {repulsion}
rCorr   +            l - +0 pair of gloves of Negation {rC+ Regen+ Str+2 Stlth+}
SInv    .            w - +1 pair of boots "Geysez" {Regen+}
Will    ++++.        R - macabre finger necklace {Finger+ rN+}
Stlth   ++++         k - +5 ring of evasion
HPRegen 2.89/turn    T - ring of wizardry
MPRegen 0.31/turn    V - ring "Cocekh" {*Slow rPois Will+ Str+4 Int+6}

%: slow self (1%), repel missiles, resist mutation, wizardry (x1)
@: flying, very slightly contaminated, studying 2 skills
A: sickness immunity, AC +20, big wings, negative energy resistance 1,
electricity resistance, torment resistance 1, petrification resistance
}: 4/15 runes: decaying, serpentine, silver, obsidian
a: Renounce Religion


You were in the Vestibule of Hell.
You worshipped Vehumet.
Vehumet was exalted by your worship.
You visited 13 branches of the dungeon, and saw 59 of its levels.
You visited the Abyss 3 times.
You also visited: Trove, Sewer and Wizlab.

You collected 10475 gold pieces.
You spent 2718 gold pieces at shops.

Inventory:

Hand Weapons
 y - a +9 demon whip of electrocution
 W - the +13 sceptre of Asmodeus
   (You took it off Asmodeus on level 7 of Gehenna)

   Fire Summon: It may summon demons of flame and damnation when striking foes.
Armour
 a - a +2 robe of the Archmagi
 l - the +0 pair of gloves of Negation (worn) {rC+ Regen+ Str+2 Stlth+}
   (You found it on level 5 of the Vaults)

   Str:       It affects your strength (+2).
   rC:        It protects you from cold.
   Regen:     It increases your rate of health regeneration.
   Stlth:     It makes you more stealthy.
 n - the +2 buckler "Zycerov" (worn) {Fly Regen+}
   (You found it on level 2 of the Swamp)

   Fly:       It grants you flight.
   Regen:     It increases your rate of health regeneration.
 w - the +1 pair of boots "Geysez" (worn) {Regen+}
   (You bought it in a shop on level 1 of the Elven Halls)

   Regen:     It increases your rate of health regeneration.
 B - the -2 hat of the Alchemist (worn) {rElec rPois rF+ rC+ rN+ Will+ rMut rCorr}
   (You found it on level 3 of the Elven Halls)

   rF:        It protects you from fire.
   rC:        It protects you from cold.
   rElec:     It insulates you from electricity.
   rPois:     It protects you from poison.
   rN:        It protects you from negative energy.
   rCorr:     It protects you from acid and corrosion.
   rMut:      It protects you from mutation.
   Will:      It increases your willpower.
 E - a scarf of repulsion (worn)
 O - +4 fire dragon scales (worn)
 P - the +3 cloak of Analysis {*Corrode Str+4 Int+5}
   (You found it on level 2 of the Vaults)

   Str:       It affects your strength (+4).
   Int:       It affects your intelligence (+5).
   *Corrode:  It may corrode you when you take damage.
Magical Staves
 t - a staff of conjuration
 X - the staff of air "Qeothrunu" (weapon) {rElec rC++ Dex+2}
   (You found it on level 2 of the Swamp)

   [staff of air]

   Base accuracy: +5 Base damage: 5 Base attack delay: 1.2 This weapon's minimum
   attack delay (0.6) is reached at skill level 12.
   Dex:       It affects your dexterity (+2).
   rC:        It greatly protects you from cold.
   rElec:     It insulates you from electricity.
   It falls into the 'Staves' category.
   It is a one-handed weapon.
Jewellery
 k - a +5 ring of evasion (left hand)
 x - a ring of see invisible
 A - the ring of Amelioration {*Slow rCorr Str+2 Int+6}
   (You took it off a vault warden on level 1 of the Vaults)

   [ring of intelligence]

   Str:       It affects your strength (+2).
   Int:       It affects your intelligence (+6).
   rCorr:     It protects you from acid and corrosion.
   *Slow:     It may slow you when you take damage.
 L - a ring of fire
 N - the ring "Mughuz" {rC+ rN++ Will- Str+3}
   (You took it off a fire giant on level 5 of the Vaults)

   [ring of protection from cold]

   Str:       It affects your strength (+3).
   rC:        It protects you from cold.
   rN:        It greatly protects you from negative energy.
   Will:      It decreases your willpower.
 R - the macabre finger necklace (around neck) {Finger+ rN+}
   (You found it on level 5 of the Lair of Beasts)

   [amulet of nothing]

   Finger+:   It enables you to equip an extra ring.
   rN:        It protects you from negative energy.
 T - a ring of wizardry (right hand)
 V - the ring "Cocekh" (on amulet) {*Slow rPois Will+ Str+4 Int+6}
   (You took it off a deep elf high priest on level 3 of the Elven Halls)

   [ring of intelligence]

   Str:       It affects your strength (+4).
   Int:       It affects your intelligence (+6).
   rPois:     It protects you from poison.
   *Slow:     It may slow you when you take damage.
   Will:      It increases your willpower.
 Y - the amulet "Jiasocut" {Reflect Int+2 SH+5}
   (You found it on level 7 of Gehenna)

   [amulet of reflection]

   It reflects blocked missile attacks.
   Int:       It affects your intelligence (+2).
   SH:        It affects your SH (+5).
Wands
 h - a wand of paralysis (42)
 v - a wand of digging (2)
 D - a wand of flame (148)
 M - a wand of light (26)
 Q - a wand of iceblast (30)
 U - a wand of mindburst (15)
Scrolls
 f - 21 scrolls of teleportation
 i - 9 scrolls of fear
 p - 2 scrolls of torment
 q - 15 scrolls of amnesia
 u - 2 scrolls of brand weapon
 z - 4 scrolls of silence
 C - 6 scrolls of magic mapping
 F - 13 scrolls of poison
 J - 3 scrolls of fog
Potions
 b - 4 potions of magic
 c - 3 potions of berserk rage
 d - 8 potions of heal wounds
 e - 11 potions of ambrosia
 g - 4 potions of invisibility
 j - 9 potions of lignification
 m - 10 potions of mutation
 o - 20 potions of curing
 r - 4 potions of brilliance
 s - 7 potions of attraction
 G - 6 potions of resistance
 H - 8 potions of might
 I - 6 potions of cancellation
 K - 4 potions of haste
Miscellaneous
 S - a box of beasts (inert)


   Skills:
 - Level 19.2 Fighting
 - Level 12.2(14.4) Maces & Flails
 - Level 12.6(14.6) Staves
 - Level 14.3 Armour
 - Level 8.2 Dodging
 - Level 10.0 Stealth
 - Level 7.2 Shields
 - Level 21.5 Spellcasting
 - Level 18.3 Conjurations
 + Level 8.3 Necromancy
 - Level 13.6 Translocations
 + Level 6.7 Transmutations
 - Level 20.3 Fire Magic
 + Level 1.9 Air Magic
 - Level 22.2 Earth Magic
 - Level 8.0 Evocations


You had 6 spell levels left.
You knew the following spells:

 Your Spells              Type           Power      Damage    Failure   Level
a - Sandblast             Erth           100%       2d20      0%          1
b - Stone Arrow           Conj/Erth      100%       3d13      0%          3
c - Iskenderun's Mystic   Conj/Tloc      99%        2d19      1%          4
d - Fireball              Conj/Fire      53%        3d21      1%          5
e - Borgnjor's Vile Clut  Necr/Erth      49%        N/A       1%          5
f - Iron Shot             Conj/Erth      54%        9d10      1%          6
g - Irradiate             Conj/Tmut      45%        3d26      1%          5
h - Passwall              Tmut/Erth      79%        N/A       0%          2
i - Lehudib's Crystal Sp  Conj/Erth      54%        10d13     1%          8
j - Shatter               Erth           57%        3d43*     3%          9
k - Fire Storm            Conj/Fire      53%        8d14      11%         9
l - Blink                 Tloc           100%       N/A       0%          2
m - Apportation           Tloc           100%       N/A       0%          1
n - Swiftness             Air            67%        N/A       1%          3

Your spell library contained the following spells:

 Spells                   Type           Power      Damage    Failure   Level
 Foxfire                  Conj/Fire      100%       2x1d9     0%          1
 Kiss of Death            Conj/Necr      100%       2d13      0%          1
 Magic Dart               Conj           100%       1d8       0%          1
 Lesser Beckoning         Tloc           100%       N/A       0%          2
 Momentum Strike          Conj/Tloc      100%       3d10      0%          2
 Scorch                   Fire           100%       2d9       0%          2
 Searing Ray              Conj           100%       2d8       0%          2
 Volatile Blastmotes      Fire/Tloc      100%       2d18      0%          3
 Flame Wave               Conj/Fire      100%       2d21      0%          4
 Sticky Flame             Conj/Fire      100%       2d11      0%          4
 Lee's Rapid Deconstruct  Erth           57%        3d26*     0%          5
 Beastly Appendage        Tmut           100%       N/A       1%          1
 Freeze                   Ice            100%       1d10      1%          1
 Necrotise                Necr           100%       1d9       1%          1
 Shock                    Conj/Air       100%       1d9       1%          1
 Slow                     Hex            100%       N/A       1%          1
 Sting                    Tmut/Pois      100%       1d8       1%          1
 Summon Small Mammal      Summ           100%       N/A       1%          1
 Ensorcelled Hibernation  Hex/Ice        74%        N/A       1%          2
 Poisonous Vapours        Pois/Air       100%       N/A       1%          2
 Wereblood                Tmut           71%        N/A       1%          2
 Dazzling Flash           Conj/Hex       100%       N/A       1%          3
 Frozen Ramparts          Ice            74%        1d12      1%          3
 Gell's Gravitas          Tloc           93%        N/A       1%          3
 Hailstorm                Conj/Ice       80%        3d16      1%          3
 Ignite Poison            Fire/Tmut/Pois 79%        N/A       1%          3
 Mephitic Cloud           Conj/Pois/Air  91%        N/A       1%          3
 Portal Projectile        Hex/Tloc       100%       N/A       1%          3
 Spider Form              Tmut/Pois      57%        N/A       1%          3
 Teleport Other           Tloc           93%        N/A       1%          3
 Vampiric Draining        Necr           77%        2d11      1%          3
 Vhi's Electric Charge    Tloc/Air       100%       N/A       1%          3
 Airstrike                Air            33%        2d(5-21)  1%          4
 Anguish                  Hex/Necr       30%        N/A       1%          4
 Animate Armour           Summ/Erth      100%       N/A       1%          4
 Animate Dead             Necr           77%        N/A       1%          4
 Dispel Undead            Necr           77%        3d25      1%          4
 Fulminant Prism          Conj/Hex       40%        3d19      1%          4
 Leda's Liquefaction      Hex/Erth       43%        N/A       1%          4
 Manifold Assault         Tloc           93%        N/A       1%          4
 Passage of Golubria      Tloc           93%        N/A       1%          4
 Petrify                  Tmut/Erth      95%        N/A       1%          4
 Agony                    Necr           77%        N/A       1%          5
 Arcjolt                  Conj/Air       52%        1d62      1%          5
 Blade Hands              Tmut           35%        N/A       1%          5
 Iskenderun's Battlesphe  Conj           100%       2d15      1%          5
 Summon Forest            Summ/Tloc      35%        N/A       1%          5
 Conjure Ball Lightning   Conj/Air       52%        3x3d18    1%          6
 Dispersal                Tloc           46%        N/A       1%          6
 Plasma Beam              Fire/Air       54%        2x1d75    1%          6
 Starburst                Conj/Fire      53%        6d14      1%          6
 Yara's Violent Unravell  Hex/Tmut       28%        3d12      2%          5
 Call Canine Familiar     Summ           37%        N/A       3%          3
 Confusing Touch          Hex            37%        N/A       3%          3
 Ozocubu's Armour         Ice            37%        N/A       3%          3
 Summon Guardian Golem    Hex/Summ       37%        N/A       3%          3
 Tukima's Dance           Hex            37%        N/A       3%          3
 Olgreb's Toxic Radiance  Pois           37%        N/A       3%          4
 Death Channel            Necr           38%        N/A       4%          6
 Summon Lightning Spire   Summ/Air       61%        N/A       7%          4
 Alistair's Intoxication  Tmut/Pois      38%        N/A       7%          5
 Summon Ice Beast         Ice/Summ       37%        N/A       11%         4
 Eringya's Noxious Bog    Tmut/Pois      28%        N/A       11%         6
 Silence                  Hex/Air        30%        N/A       19%         5
 Metabolic Englaciation   Hex/Ice        18%        N/A       26%         5
 Summon Mana Viper        Hex/Summ       37%        N/A       26%         5
 Simulacrum               Ice/Necr       30%        N/A       26%         6
 Summon Cactus Giant      Summ           18%        N/A       80%         6
 Orb of Destruction       Conj           52%        9d13      1%          7
 Ignition                 Fire           55%        3d15      1%          8
 Spellforged Servitor     Conj/Summ      40%        N/A       6%          7
 Disjunction              Tloc           46%        N/A       24%         8
 Storm Form               Tmut/Air       40%        N/A       77%         7
 Ozocubu's Refrigeration  Ice            18%        4d11      85%         7
 Borgnjor's Revivificati  Necr           38%        N/A       88%         8
 Necromutation            Tmut/Necr      37%        N/A       95%         8
 Chain Lightning          Conj/Air       52%        3d69      95%         9
 Maxwell's Capacitive Co  Air            33%        ∞         99%         8
 Monstrous Menagerie      Summ           18%        N/A       100%        7
 Summon Hydra             Summ           18%        N/A       100%        7
 Discord                  Hex            18%        N/A       100%        8
 Death's Door             Necr           38%        N/A       100%        9
 Polar Vortex             Ice            18%        N/A       100%        9
 Sublimation of Blood     Necr           Unusable   N/A       N/A         2

Dungeon Overview and Level Annotations

Branches:
Dungeon (15/15)            Temple (0/1) D:5            Lair (5/5) D:8
  Swamp (4/4) Lair:2        Snake (4/4) Lair:3        Slime (0/5) Lair:5
    Orc (2/2) D:10            Elf (3/3) Orc:2        Vaults (5/5) D:14
  Crypt (3/3) Vaults:3       Tomb (1/3) Crypt:3      Depths (4/4) D:15
   Hell (1/1)                 Dis (0/7) Hell            Geh (7/7) Hell
    Coc (5/7) Hell            Tar (0/7) Hell            Zot (0/5) Depths:4
  Sewer (visited)          WizLab (visited)

Altars:
Dithmenos
Fedhas
Hepliaklqana
Kikubaaqudgha
Okawaru
Qazlal
Sif Muna
Vehumet
Wu Jian
Xom
Yredelemnul
The Shining One
Jiyva

Shops:
D:1 [   D:13 ?([   Orc:2 [[[*   Elf:1 *   Elf:2 [(   Snake:1 ==(=
Vaults:1 (*(!   Vaults:2 (   Depths:2 (:

Portals:
Hell: Depths:1 Depths:2 Depths:3 Depths:4
Abyss: Depths:2 Depths:3
Pandemonium: Depths:1 Depths:2 Depths:3
Ziggurat: Depths:1

Annotations:
D:11 2 transporters, Flure's ghost, journeyman MeTm
Elf:2 1 runed translucent door


Innate Abilities, Weirdness & Mutations

You are immune to sickness and miasma.
Your stone body is resilient. (AC +20)
You are immune to poison.
Your large and strong wings let you fly.
You resist negative energy. (rN+)
You are resistant to electric shocks. (rElec)
You are resistant to unholy torment.
You are immune to petrification.


Message History

Casting: Irradiate (safe; 1% risk of failure)
Confirm with . or Enter, or press ? or * to list all spells.
Okay, then.
Aiming: Bolt of Light
Press: ? - help, Shift-Dir - straight line, f - shard shrike, p - shard shrike
Aim: a shard shrike (severely wounded, 48% to hit)
The bolt of light misses the shard shrike.
The shard shrike claws you but does no damage.
The shard shrike spits a shard of ice at you.
You block the shard of ice. You block the shard shrike's attack.
The shard shrike claws you but does no damage.
Aiming: Bolt of Light
Press: ? - help, Shift-Dir - straight line, f - shard shrike, p - shard shrike
Aim: a shard shrike (severely wounded, 48% to hit)
The bolt of light hits the shard shrike!!
The shard shrike is almost dead.
The shard shrike is blinded.
The shard shrike spits a shard of ice at you.
The shard of ice is repelled.
The shard shrike claws you!
* * * LOW HITPOINT WARNING * * *
The shard shrike freezes you! You resist.
* * * LOW HITPOINT WARNING * * *
The shard shrike claws you.
* * * LOW HITPOINT WARNING * * *
The shard shrike freezes you! You resist.
* * * LOW HITPOINT WARNING * * *
Casting: Irradiate (safe; 1% risk of failure)
Confirm with . or Enter, or press ? or * to list all spells.
You erupt in a blast of force!
The mystic blast hits the shard shrike!
You kill the shard shrike!
Vehumet accepts your kill.
You feel your power returning.
The mystic blast hits the shard shrike!
The shard shrike is severely wounded.
The shard shrike is knocked back by the mystic blast.
The mystic blast hits the shard shrike!
The shard shrike is lightly wounded.
The shard shrike is knocked back by the mystic blast.
The shard shrike spits a shard of ice at you.
The shard of ice hits you!! You partially resist.
You die...

#### ##.........# ...#
##..~≈~~~...# ...#
##..~≈≈≈≈~~~.# ...#
##..~≈≈≈≈≈≈≈≈~# ...#
##...≈~~.~~~≈≈≈#
...####...~~.....~≈≈≈#
....##....~.......~≈≈#
............⌠.⌠...~≈≈#
...∩........b...@..~≈#
............⌠.⌠...~≈≈#
....##....~.......~≈≈#
...####...~~.....~~≈≈#
...# ##...~≈~.~~~≈≈b#
...# ##..~≈~≈~≈≈≈≈~#
...# ##..~≈≈≈≈≈~~.#
...# ##..~~~≈~...#
#### ##.........#


You could see 2 shard shrikes.

Vanquished Creatures
  Asmodeus (Geh:7)
  3 dread liches
  2 ancient liches (Vaults:5)
  3 juggernauts
  12 royal mummies (Tomb:1)
  Boris (Vaults:3)
  Bai Suzhen (Vaults:3)
  6 shard shrikes
  A caustic shrike (Depths:2)
  Vashnia (Snake:4)
  5 golden dragons
  Geryon (Hell)
  A bone dragon (Crypt:3)
  A profane servitor (Abyss:2)
  The ghost of Chiseanne the Scorcher, an adept DsHW of Gozag (Depths:2)
  14 Brimstone Fiends
  An Ice Fiend (Coc:2)
  19 hellephants
  4 liches
  A walking earthen tome (Depths:3)
  5 tentacled monstrosities
  9 titans
  The ghost of waddelsworth the Impregnable, an adept MiBe of Trog (Swamp:2)
  A walking frostbound tome (Depths:3)
  Asterion (Vaults:3)
  5 deep elf master archers (Elf:3)
  A quicksilver dragon (Vaults:5)
  23 searing wretches
  4 deep elf blademasters
  2 acid blobs (Depths:2)
  12 sphinxes
  2 tentacled starspawn
  11 ancient champions
  7 shadow dragons
  10 tengu reavers
  3 storm dragons
  A revenant (Crypt:1)
  A thorn hunter (Swamp:2)
  Roxanne (Elf:1)
  4 azure jellies (Depths:2)
  2 rockslimes (Depths:2)
  4 narguns
  23 fire giants
  2 fenstrider witches
  8 nagarajas
  2 draconian knights
  2 iron dragons (Depths:3)
  28 vault wardens
  A ghost moth (Vaults:1)
  The ghost of kalagan the Eclecticist, an adept DECj of Sif Muna (Elf:3)
  11 deep elf sorcerers
  15 frost giants
  6 curse skulls
  Aizul (Snake:4)
  2 orc warlords
  20 ghouls
  18 ironbound preservers
  3 shard shrike simulacra (Coc:4)
  24 balrugs
  4 reapers (Hell)
  A deep elf elementalist (Elf:3)
  2 quicksilver oozes (Depths:2)
  3 cacodemons
  A juggernaut skeleton (Crypt:3)
  21 very ugly things
  A draconian annihilator (Depths:4)
  20 stone giants
  6 caustic shrike skeletons (Crypt:3)
  3 war gargoyles
  A black draconian (Depths:4)
  6 elemental wellsprings
  3 green draconians
  9 ironbound thunderhulks
  2 bennus (Tomb:1)
  The ghost of ruby the Destroyer, a journeyman DrCj of Sif Muna (Orc:1)
  4 deep elf annihilators
  4 eleionomae
  A red draconian (Depths:4)
  5 deep elf demonologists
  6 vampire knights
  2 lorocyprocas (Abyss:2)
  11 purple draconians
  5 wendigos
  7 bunyips
  A yellow draconian (Depths:4)
  17 ettins
  4 dire elephants (Vaults:1)
  11 spark wasps
  9 statues (WizLab)
  8 deep elf death magi
  6 eidola
  A green death (Abyss:3)
  6 mummy priests (Tomb:1)
  12 fire dragons
  7 jiangshi
  7 deep elf high priests
  14 yaktaur captains
  7 rakshasas
  2 entropy weavers
  22 hydras
  2 spriggan zombies
  A shambling mangrove (Swamp:4)
  9 great orbs of eyes
  10 salamander tyrants
  10 ice dragons
  46 vault guards
  Fannar (D:10)
  3 caustic shrike simulacra
  2 spriggan skeletons
  10 anacondas
  2 spriggan air magi (Depths:2)
  11 ironbound frosthearts
  A juggernaut simulacrum (Tomb:1)
  3 fenstrider witch skeletons
  A catoblepas (Lair:4)
  16 centaur warriors
  5 boulder beetles
  25 dancing weapons
  9 stokers
  2 two-headed ogres
  A death knight (Crypt:2)
  2 ghost crabs (Swamp:2)
  13 alligators
  2 titan zombies
  8 vampire magi
  13 deep troll earth magi
  A quicksilver ooze zombie (Crypt:1)
  7 death yaks
  25 death scarabs (Tomb:1)
  13 deep troll shamans
  9 thrashing horrors (Abyss:2)
  11 naga sharpshooters
  An orc high priest (Orc:1)
  45 hell hogs
  19 naga warriors
  5 tengu warriors
  The ghost of kalagan the Thaumaturge, a journeyman DECj of Sif Muna (Lair:1)
  9 shock serpents
  6 spriggan berserkers
  8 sun demons
  26 deep elf knights
  A storm dragon zombie (Crypt:2)
  6 sixfirhies
  4 soul eaters (Hell)
  7 hell knights
  3 shadow wraiths
  2 skysharks
  2 wretched stars (Abyss:2)
  28 skeletal warriors
  4 titan skeletons
  7 iron trolls
  A bunyip zombie (Crypt:2)
  4 goliath frogs
  7 spriggan druids
  49 deep trolls
  4 flayed ghosts
  5 salamander mystics
  4 quicksilver dragon simulacra
  An anaconda zombie (Hell)
  7 lindwurms
  8 glowing orange brains
  11 phantasmal warriors
  5 naga ritualists
  7 wizards
  3 harpies (Vaults:1)
  19 ironbound convokers
  15 swamp dragons
  8 bog bodies
  16 deep elf archers
  2 spriggan simulacra
  An iron giant skeleton (Crypt:3)
  2 goliath frog zombies
  7 orc knights
  31 deep elf pyromancers
  32 deep elf zephyrmancers
  A mana viper (shapeshifter) (Abyss:2)
  5 necromancers
  10 mana vipers
  43 ugly things
  9 starcursed masses (Abyss:2)
  An oklob plant (Snake:3)
  14 salamanders
  2 salamanders (shapeshifter)
  A worldbinder (Abyss:2)
  A manticore (D:13)
  11 orc sorcerers
  31 black mambas
  An iron dragon skeleton (Crypt:3)
  A will-o-the-wisp (Abyss:2)
  20 naga magi
  3 stone giant skeletons (Crypt:3)
  9 elephants
  An apocalypse crab (Abyss:2)
  An ice statue (Hell)
  17 vault sentinels
  8 molten gargoyles
  11 guardian serpents
  4 cyclopes
  3 eyes of devastation
  A naga zombie (Tomb:1)
  A demonic crawler (Abyss:2)
  A torpor snail (Lair:5)
  A centaur zombie (Tomb:1)
  4 gargoyles
  9 large abominations
  2 titan simulacra
  An elephant slug zombie (Crypt:1)
  3 unseen horrors
  7 smoke demons
  4 rust devils
  12 cane toads
  A centaur skeleton (Crypt:3)
  A naga skeleton (Crypt:3)
  3 orange demons
  2 yaktaur zombies
  13 hellions
  10 freezing wraiths
  3 bunyip simulacra
  2 kobold demonologists
  40 yaktaurs
  An elf skeleton (Vaults:2)
  8 ice devils (Hell)
  An alligator snapping turtle skeleton (Hell)
  3 dire elephant skeletons
  6 rime drakes
  12 komodo dragons
  A red draconian skeleton (Crypt:1)
  3 efreet
  A golden dragon simulacrum (Coc:4)
  23 tengu conjurers
  An anaconda simulacrum (Coc:1)
  A purple draconian skeleton (Crypt:2)
  5 tormentors
  2 ancient zymes (Abyss:2)
  12 guardian mummies (Tomb:1)
  An iron giant simulacrum (Coc:4)
  A hydra zombie (Tomb:1)
  A sea snake skeleton (Crypt:3)
  2 harpy zombies
  A bloated husk (Swamp:2)
  A merfolk (shapeshifter) (Elf:3)
  2 red devils
  A shadow dragon simulacrum (Coc:1)
  7 trolls
  A hellwing (Depths:3)
  20 hornets
  5 harpy skeletons
  A hydra skeleton (Tomb:1)
  A polar bear (Lair:4)
  Grinder (D:3)
  9 tyrant leeches
  18 blink frogs
  An ettin zombie (Crypt:1)
  A fire dragon zombie (Crypt:1)
  A dream sheep (shapeshifter) (D:15)
  A fire giant simulacrum (Vaults:2)
  9 raiju (Abyss:2)
  2 stone giant simulacra
  10 flying skulls
  An ettin skeleton (Vaults:4)
  A ynoxinul (Abyss:2)
  Sigmund (D:4)
  2 alligator zombies (Hell)
  38 slime creatures
  A shadow (Abyss:3)
  A naga simulacrum (Coc:1)
  A culicivora (shapeshifter) (Vaults:5)
  An alligator skeleton (Hell)
  20 spriggans
  10 water elementals
  8 wyverns
  3 dire elephant simulacra
  A tyrant leech zombie (Crypt:3)
  An elf simulacrum (Vaults:4)
  An elf zombie (Vaults:4)
  74 yaks
  7 wraiths
  2 fire elementals
  2 steam dragons
  A human (shapeshifter) (Depths:2)
  Eustachio (D:4)
  5 ushabtiu (Tomb:1)
  An alligator snapping turtle simulacrum (Coc:3)
  10 humans (D:14)
  15 swamp worms
  23 vampire mosquitoes
  3 basilisks
  A chaos spawn (Abyss:3)
  2 neqoxecs (Abyss:2)
  4 redbacks
  Menkaure (D:5)
  2 human simulacra
  43 nagas
  A yaktaur simulacrum (Vaults:2)
  6 harpy simulacra
  9 wargs
  An acid dragon (D:9)
  4 floating eyes
  9 water moccasins
  A faun skeleton (Crypt:1)
  A glowing shapeshifter zombie (Vaults:4)
  A hydra simulacrum (Hell)
  Duvessa (D:7)
  11 swamp drakes
  4 hell hounds (Lair:5)
  4 black bears
  14 orc warriors
  A boggart (Vaults:3)
  A dream sheep zombie (Crypt:2)
  A sky beast (D:8)
  3 ettin simulacra
  A fire dragon simulacrum (Crypt:1)
  4 ogres
  9 centaurs
  2 swamp dragon skeletons (Crypt:3)
  6 small abominations (Abyss:2)
  5 kobold brigands
  Blork the orc (D:4)
  2 phantoms
  13 bullfrogs
  A fire crab zombie (Crypt:1)
  2 gnoll sergeants
  4 earth elementals
  12 necrophages
  3 scorpions
  28 wights
  Dowan (D:7)
  18 killer bees
  A warg skeleton (Crypt:3)
  10 howler monkeys
  An electric eel (Lair:2)
  5 lava snakes (Lair:5)
  3 hounds
  3 jellies (D:6)
  12 orc priests
  2 iron imps (Abyss:2)
  A human skeleton (Crypt:2)
  2 iguanas
  2 sleepcaps
  A black bear skeleton (Crypt:1)
  41 orc wizards
  6 hell rats (Lair:4)
  2 tengu skeletons (Crypt:3)
  10 mummies (Tomb:1)
  2 howler monkey zombies
  10 gnolls
  A river rat (Sewer)
  5 adders
  A shadow imp (D:7)
  2 white imps
  An adder zombie (D:3)
  2 worms
  2 dart slugs
  82 orcs
  13 ball pythons
  A bat zombie (Crypt:1)
  10 endoplasms
  4 giant cockroaches
  7 goblins
  3 hobgoblins
  9 jackals
  18 kobolds
  3 quokkas (D:1)
  10 bats
  4 frilled lizards
  A giant cockroach zombie (D:3)
  A quokka zombie (Crypt:3)
  28 rats
  9 creeping infernos
  21 fire vortices
  2 lurking horrors (Abyss:3)
  A starspawn tentacle (Abyss:2)
2661 creatures vanquished.

Vanquished Creatures (collateral kills)
  A water elemental (Hell)
1 creature vanquished.

Vanquished Creatures (others)
  An ironbound preserver (Vaults:5)
  A bunyip (Swamp:3)
  A necromancer (Depths:2)
  A deep elf pyromancer (Elf:2)
  A hornet (Swamp:2)
  An iron dragon simulacrum (Coc:4)
  A dire elephant simulacrum (Coc:3)
  A naga (Snake:3)
  2 creeping infernos
  14 fire vortices
  2 foxfires (Abyss:2)
  4 starspawn tentacles
30 creatures vanquished.

Grand Total: 2692 creatures vanquished

Notes
Turn   | Place    | Note
-------+----------+-------------------------------------------
     0 | D:1      | Ijustatesigmund the Gargoyle Earth Elementalist began the
                  | quest for the Orb.
     0 | D:1      | Reached XP level 1. HP: 10/10 MP: 3/3
   151 | D:1      | Found Fyruotiy's Armour Boutique.
   156 | D:1      | Reached skill level 1 in Fighting
   156 | D:1      | Reached XP level 2. HP: 15/16 MP: 1/5
   337 | D:1      | Found a faded altar of an unknown god.
   465 | D:1      | Reached skill level 4 in Earth Magic
   857 | D:2      | Reached XP level 3. HP: 20/20 MP: 4/6
  1448 | D:2      | You fall into a shaft and drop 1 floor!
  1465 | D:3      | Noticed Grinder
  1660 | D:2      | Reached XP level 4. HP: 26/26 MP: 5/8
  1664 | D:2      | Learned a level 3 spell: Stone Arrow
  1723 | D:2      | Found a blossoming altar of Fedhas.
  2269 | D:3      | Reached skill level 1 in Maces & Flails
  2447 | D:3      | Killed Grinder
  2448 | D:3      | Reached XP level 5. HP: 14/30 MP: 0/10
  2448 | D:3      | Reached XP level 6. HP: 17/35 MP: 0/11
  3302 | D:4      | Noticed Sigmund
  3306 | D:4      | Killed Sigmund
  3307 | D:4      | Reached XP level 7. HP: 32/39 MP: 5/13
  3480 | D:4      | Noticed Blork the orc
  3494 | D:4      | Killed Blork the orc
  4230 | D:4      | Found a stormy altar of Qazlal.
  4482 | D:4      | Noticed Eustachio
  4497 | D:4      | Killed Eustachio
  4498 | D:4      | Reached skill level 5 in Spellcasting
  4498 | D:4      | Reached XP level 8. HP: 37/44 MP: 0/15
  4705 | D:4      | Found a radiant altar of Vehumet.
  4719 | D:4      | Found a shadowy altar of Dithmenos.
  4731 | D:4      | Became a worshipper of Vehumet
  4914 | D:5      | Entered Level 5 of the Dungeon
  4914 | D:5      | Noticed Menkaure
  4916 | D:5      | Killed Menkaure
  4917 | D:5      | Reached skill level 5 in Conjurations
  5080 | D:5      | Reached skill level 5 in Maces & Flails
  5107 | D:5      | Found a glowing drain.
  5163 | Sewer    | Entered a sewer
  6004 | Sewer    | Reached * piety under Vehumet
  6004 | Sewer    | Offered knowledge of Kiss of Death by Vehumet.
  6337 | Sewer    | Identified a scroll of acquirement
  6337 | Sewer    | Acquired 804 gold pieces
  6384 | D:5      | Reached skill level 5 in Earth Magic
  6928 | D:5      | Reached ** piety under Vehumet
  6928 | D:5      | Offered knowledge of Momentum Strike by Vehumet.
  7109 | D:5      | Found a shimmering blue altar of Sif Muna.
  7190 | D:5      | Found a staircase to the Ecumenical Temple.
  7527 | D:5      | Reached XP level 9. HP: 51/51 MP: 15/18
  7928 | D:6      | Identified the +1 plate armour "Wohelapn" {Int+2 Dex+3}
  7952 | D:6      | Reached skill level 6 in Earth Magic
  8191 | D:6      | Found an ornate altar of the Wu Jian Council.
  8231 | D:6      | Found a hazy altar of Hepliaklqana.
  9390 | D:7      | Reached skill level 1 in Shields
  9534 | D:7      | Noticed Duvessa
  9537 | D:7      | Noticed Dowan
  9538 | D:7      | Killed Duvessa
  9542 | D:7      | Killed Dowan
  9803 | D:7      | Reached skill level 7 in Earth Magic
  9817 | D:7      | Offered knowledge of Volatile Blastmotes by Vehumet.
  9841 | D:7      | Paralysed by an orc for 4 turns
 10231 | D:8      | Reached *** piety under Vehumet
 10238 | D:8      | Reached XP level 10. HP: 53/58 MP: 14/20
 10384 | D:8      | Found a glowing golden altar of the Shining One.
 10572 | D:8      | Found a staircase to the Lair.
 10910 | D:8      | Offered knowledge of Dazzling Flash by Vehumet.
 11360 | D:9      | Reached skill level 8 in Earth Magic
 11598 | D:9      | Learned a level 4 spell: Iskenderun's Mystic Blast
 11621 | D:9      | Reached skill level 1 in Translocations
 11894 | D:9      | Reached skill level 5 in Fighting
 12110 | D:9      | Found the amulet of Elemental Vulnerability {rPois rF--
                  | rC-- AC+8}
 12208 | D:9      | Noticed a gargoyle
 12213 | D:9      | Killed a gargoyle
 12213 | D:9      | Reached **** piety under Vehumet
 12325 | D:9      | Found an iron altar of Okawaru.
 12496 | D:10     | Entered Level 10 of the Dungeon
 12571 | D:10     | Reached skill level 9 in Earth Magic
 12903 | D:10     | Reached XP level 11. HP: 64/64 MP: 14/22
 13355 | D:10     | Found a staircase to the Orcish Mines.
 13372 | D:10     | Offered knowledge of Fireball by Vehumet.
 13989 | D:11     | Noticed Fannar
 14321 | D:10     | Killed Fannar
 14635 | D:11     | Noticed a cyclops
 14643 | D:11     | Killed a cyclops
 15015 | D:11     | Noticed a two-headed ogre
 15018 | D:11     | Killed a two-headed ogre
 15019 | D:11     | Reached skill level 10 in Earth Magic
 15086 | D:11     | Found a transporter.
 15089 | D:11     | Noticed Flure's ghost (journeyman MeTm)
 15104 | D:11     | Reached skill level 10 in Conjurations
 15196 | D:11     | Found a transporter.
 15447 | D:11     | Learned a level 5 spell: Fireball
 15749 | D:11     | Reached skill level 1 in Fire Magic
 16635 | D:12     | Reached ***** piety under Vehumet
 16736 | D:12     | Reached XP level 12. HP: 71/71 MP: 13/24
 16869 | D:12     | Offered knowledge of Conjure Ball Lightning by Vehumet.
 17326 | D:12     | Noticed a boulder beetle
 17338 | D:12     | Killed a boulder beetle
 17818 | D:12     | Reached skill level 5 in Fire Magic
 18227 | D:12     | Reached XP level 13. HP: 80/80 MP: 26/26
 18366 | D:13     | Found Meruschuo's Armour Shoppe.
 18374 | D:13     | Bought a +0 pair of boots for 81 gold pieces
 18632 | D:13     | Reached skill level 10 in Spellcasting
 19320 | D:13     | Found a portal to a secret trove of treasure.
 19465 | D:13     | Found Moiczoz's Magic Scroll Boutique.
 19473 | D:13     | Bought a scroll of teleportation for 42 gold pieces
 19473 | D:13     | Bought a scroll of teleportation for 42 gold pieces
 19473 | D:13     | Bought a scroll of teleportation for 42 gold pieces
 19510 | D:13     | Reached skill level 11 in Earth Magic
 19576 | D:13     | Found Vomnesut's Weapon Shoppe.
 20307 | D:14     | Noticed a vault guard
 20322 | D:14     | Killed a vault guard
 20470 | D:14     | Noticed a vault guard
 20773 | D:14     | Killed a vault guard
 21149 | D:14     | Gained mutation: Your large and strong wings let you fly.
                  | [Gargoyle growth]
 21149 | D:14     | Reached XP level 14. HP: 87/87 MP: 7/28
 21818 | D:14     | Found a gate to the Vaults.
 22026 | D:15     | Entered Level 15 of the Dungeon
 22531 | D:15     | Reached skill level 10 in Fighting
 22577 | D:15     | Reached skill level 1 in Evocations
 23336 | D:15     | Found Fazuy's General Store.
 23519 | D:15     | Reached skill level 5 in Evocations
 25356 | D:15     | Found a staircase to the Depths.
 25610 | Lair:1   | Entered Level 1 of the Lair of Beasts
 26035 | Lair:1   | Learned a level 5 spell: Borgnjor's Vile Clutch
 26149 | Lair:1   | Noticed kalagan's ghost (journeyman DECj)
 26272 | Lair:1   | Reached skill level 1 in Necromancy
 26613 | Lair:1   | Found a runed translucent door.
 26830 | Lair:1   | Killed kalagan's ghost
 26971 | Lair:2   | Reached skill level 5 in Translocations
 27773 | Lair:2   | Found a staircase to the Swamp.
 28004 | Lair:2   | Offered knowledge of Spellforged Servitor by Vehumet.
 28181 | Lair:2   | Identified the +0 dagger of Dithmenos {flame, rPois Dex+3}
 28883 | Lair:3   | Reached XP level 15. HP: 70/92 MP: 20/29
 29010 | Lair:3   | Found a staircase to the Snake Pit.
 29493 | Lair:3   | Found a shimmering altar of Xom.
 31788 | Lair:4   | Offered knowledge of Iron Shot by Vehumet.
 32087 | Lair:4   | Reached skill level 5 in Necromancy
 32479 | Lair:5   | Entered Level 5 of the Lair of Beasts
 32479 | Lair:5   | Found a staircase to the Slime Pits.
 32487 | Lair:5   | Learned a level 6 spell: Iron Shot
 32833 | Lair:5   | Reached skill level 12 in Earth Magic
 34485 | Lair:5   | Found a large runed translucent door.
 34485 | Lair:5   | Found a large runed translucent door.
 34790 | Lair:5   | Reached XP level 16. HP: 97/97 MP: 18/31
 34851 | Lair:5   | Found the macabre finger necklace {Finger+ rN+}
 35888 | Orc:1    | Entered Level 1 of the Orcish Mines
 36894 | Orc:1    | Found a runed translucent gate.
 36895 | Orc:1    | Found a runed translucent gate.
 36895 | Orc:1    | Noticed ruby's ghost (journeyman DrCj)
 36899 | Orc:1    | Found a runed translucent gate.
 36991 | Orc:1    | Killed ruby's ghost
 37292 | Orc:2    | Entered Level 2 of the Orcish Mines
 37394 | Orc:2    | Found a staircase to the Elven Halls.
 37395 | Orc:2    | Offered knowledge of Orb of Destruction by Vehumet.
 37404 | Orc:2    | Learned a level 7 spell: Orb of Destruction
 37729 | Orc:2    | Learned a level 2 spell: Passwall
 38080 | Orc:2    | Reached skill level 13 in Earth Magic
 38574 | Orc:2    | Found Xynef's General Store.
 38574 | Orc:2    | Found Yzu Jusm's Antique Armour Boutique.
 38588 | Orc:2    | Bought a distressingly furry robe for 108 gold pieces
 38588 | Orc:2    | Identified the +2 robe of Wuwocaf {+Blink rC+ Int+4 Stlth-}
                  | (You bought it in a shop on level 2 of the Orcish Mines)
 39959 | Orc:2    | Found Nabruapn's Armour Emporium.
 39959 | Orc:2    | Found Xainasif's Antique Armour Boutique.
 39973 | Orc:2    | Bought the +2 pair of boots of the Jabberwock {+Inv} for
                  | 456 gold pieces
 39987 | Orc:2    | Bought an embroidered hat for 203 gold pieces
 40149 | Orc:2    | Bought a runed helmet for 142 gold pieces
 40320 | Swamp:1  | Entered Level 1 of the Swamp
 40373 | Swamp:1  | Noticed a fenstrider witch
 40378 | Swamp:1  | Killed a fenstrider witch
 41542 | Swamp:1  | Offered knowledge of Plasma Beam by Vehumet.
 41549 | Swamp:1  | Reached skill level 5 in Dodging
 42627 | Swamp:2  | Found a runed translucent gate.
 42627 | Swamp:2  | Found a runed translucent gate.
 42627 | Swamp:2  | Found a runed translucent gate.
 42649 | Swamp:2  | Noticed a tentacled monstrosity
 42651 | Swamp:2  | Noticed waddelsworth's ghost (adept MiBe)
 42652 | Swamp:2  | Noticed a thorn hunter
 42886 | Swamp:2  | Killed waddelsworth's ghost
 43182 | Swamp:2  | Killed a tentacled monstrosity
 43209 | Swamp:2  | Reached skill level 14 in Earth Magic
 43297 | Swamp:2  | Killed a thorn hunter
 43366 | Swamp:2  | Identified the staff of air "Qeothrunu" {rElec rC++ Dex+2}
 43964 | Swamp:2  | Reached XP level 17. HP: 103/103 MP: 4/33
 44999 | Swamp:2  | Identified the +2 buckler "Zycerov" {Fly Regen+}
 45349 | Swamp:2  | Paralysed by a fenstrider witch for 5 turns
 46264 | Swamp:3  | Found a hazy altar of Hepliaklqana.
 46289 | Swamp:3  | Acquired a +1 heavy eveningstar
 46855 | Swamp:4  | Entered Level 4 of the Swamp
 47642 | Swamp:3  | Reached skill level 15 in Earth Magic
 50306 | Swamp:4  | Got a decaying rune of Zot
 50655 | Snake:1  | Entered Level 1 of the Snake Pit
 50846 | Snake:1  | Reached skill level 5 in Shields
 51474 | Snake:2  | Reached XP level 18. HP: 112/112 MP: 8/35
 51688 | Snake:2  | Reached skill level 15 in Conjurations
 51959 | Snake:1  | Found Ysarchyg's Jewellery Emporium.
 51963 | Snake:1  | Found Vidujup's Weapon Emporium.
 51963 | Snake:1  | Found Vaohau's Jewellery Shoppe.
 51967 | Snake:1  | Found Ischabu's Jewellery Shoppe.
 51995 | Snake:1  | Bought a ring of wizardry for 360 gold pieces
 52466 | Snake:2  | Offered knowledge of Arcjolt by Vehumet.
 55374 | Snake:3  | Found an ornate altar of the Wu Jian Council.
 57080 | Snake:3  | Offered knowledge of Ozocubu's Refrigeration by Vehumet.
 57289 | Snake:3  | Reached skill level 10 in Maces & Flails
 58300 | Snake:4  | Entered Level 4 of the Snake Pit
 58607 | Snake:4  | Noticed Aizul
 58611 | Snake:4  | Killed Aizul
 59288 | Snake:4  | Reached skill level 10 in Translocations
 59577 | Snake:4  | Reached XP level 19. HP: 105/120 MP: 36/36
 59881 | Snake:4  | Identified the staff of death "Ruron" {rPois rN+ Will+
                  | Str-5 SInv}
 60503 | Snake:4  | Noticed Vashnia
 60514 | Snake:4  | Killed Vashnia
 61340 | Snake:4  | Got a serpentine rune of Zot
 61742 | Depths:1 | Entered Level 1 of the Depths
 61742 | Depths:1 | Found a gateway to Hell.
 62145 | D:15     | Learned a level 8 spell: Lehudib's Crystal Spear
 62730 | Depths:2 | Found an iron altar of Okawaru.
 62758 | Depths:2 | Reached ****** piety under Vehumet
 62817 | Depths:2 | Found a magical portal.
 62840 | WizLab   | Entered Iskenderun's Mystic Tower
 65283 | WizLab   | Reached skill level 15 in Fighting
 66590 | WizLab   | Got Iskenderun's Incunabulum of Blasting
 66590 | WizLab   | Got Iskenderun's Secrets of Arcane Weapons
 67582 | Depths:1 | Reached XP level 20. HP: 64/129 MP: 18/37
 68109 | Depths:1 | Found a one-way gate leading to the halls of Pandemonium.
 68519 | Depths:1 | Found a one-way gateway to a ziggurat.
 68623 | Depths:2 | Found a shimmering altar of Xom.
 69192 | Depths:2 | Offered knowledge of Fire Storm by Vehumet.
 69192 | Depths:2 | Offered knowledge of Shatter by Vehumet.
 69192 | Depths:2 | Offered knowledge of Chain Lightning by Vehumet.
 69563 | Depths:2 | Found a transporter.
 69563 | Depths:2 | Found Mual's Book Boutique.
 70517 | Depths:2 | Found a transporter.
 70964 | Depths:2 | Found a one-way gate to the infinite horrors of the Abyss.
 70965 | Depths:2 | Found a runed translucent gate.
 70966 | Depths:2 | Found a runed translucent gate.
 70967 | Depths:2 | Found a runed translucent gate.
 70968 | Depths:2 | Noticed Chiseanne's ghost (adept DsHW)
 70970 | Depths:2 | Found a viscous altar of Jiyva.
 71411 | Depths:2 | Found Gusociu's Antique Weapon Shoppe.
 71592 | Depths:2 | Noticed a juggernaut
 71605 | Depths:2 | Killed a juggernaut
 71606 | Depths:2 | Reached skill level 16 in Earth Magic
 71982 | Depths:2 | Noticed a caustic shrike
 71993 | Depths:2 | HP: 4/129 [acid (7)]
 72181 | Depths:2 | Killed a caustic shrike
 72459 | Depths:2 | Noticed a juggernaut
 72493 | Depths:2 | Killed a juggernaut
 73136 | Depths:2 | Identified the +7 long sword of Starshine {heavy, rElec}
 73136 | Depths:2 | Identified the staff of poison "Kifaext" {rElec rPois
                  | Dex+2}
 73410 | Vaults:1 | Entered Level 1 of the Vaults
 73410 | Vaults:1 | Found Vur Keva's Distillery.
 73423 | Vaults:1 | Bought a potion of magic for 120 gold pieces
 73423 | Vaults:1 | Bought a potion of heal wounds for 75 gold pieces
 73423 | Vaults:1 | Bought 2 potions of heal wounds for 150 gold pieces
 73423 | Vaults:1 | Bought 2 potions of curing for 90 gold pieces
 73423 | Vaults:1 | Bought a potion of haste for 150 gold pieces
 73453 | Vaults:1 | Found Ytoykao's Antique Weapon Boutique.
 73999 | Abyss:2  | Cast into level 2 of the Abyss (a wizard)
 74151 | Abyss:2  | Reached XP level 21. HP: 117/134 MP: 5/39
 74545 | Vaults:1 | Escaped the Abyss
 74967 | Vaults:1 | Found Busul's Assorted Antiques.
 74975 | Vaults:1 | Bought a scroll of blinking for 360 gold pieces
 75098 | Vaults:1 | Found Bairen's Antique Weapon Emporium.
 75123 | Vaults:1 | Reached skill level 5 in Stealth
 76098 | Vaults:1 | Noticed a golden dragon
 76104 | Vaults:1 | Killed a golden dragon
 76243 | Vaults:1 | Identified the ring of Amelioration {*Slow rCorr Str+2
                  | Int+6}
 76250 | Vaults:1 | Reached skill level 17 in Earth Magic
 76396 | Vaults:1 | Identified the +6 great sword "Ashrom" {heavy, Int+2 Dex+5}
 76735 | Vaults:1 | Got Pownu's Almanac of Unhallowed Words and the Curse
 77340 | Vaults:2 | Reached skill level 15 in Spellcasting
 79084 | Vaults:2 | Reached skill level 1 in Staves
 79257 | Vaults:2 | Found Tityud's Weapon Boutique.
 79287 | Vaults:2 | Identified the +3 cloak of Analysis {*Corrode Str+4 Int+5}
 79804 | Vaults:2 | Learned a level 9 spell: Shatter
 79897 | Vaults:3 | Reached XP level 22. HP: 133/140 MP: 38/41
 79939 | Vaults:3 | Noticed Asterion
 79941 | Vaults:3 | Killed Asterion
 80341 | Vaults:3 | Noticed Bai Suzhen
 80347 | Vaults:3 | Killed Bai Suzhen
 80976 | Vaults:3 | Reached skill level 18 in Earth Magic
 81003 | Abyss:2  | Cast into level 2 of the Abyss (a wizard)
 81557 | Abyss:2  | Noticed a profane servitor
 81652 | Abyss:2  | Killed a profane servitor
 81655 | Vaults:3 | Escaped the Abyss
 81825 | Vaults:3 | Reached skill level 5 in Staves
 82314 | Vaults:3 | Acquired 682 gold pieces
 82429 | Vaults:3 | Found a staircase to the Crypt.
 82429 | Vaults:3 | Found an ancient bone altar of Kikubaaqudgha.
 82430 | Vaults:3 | Found a basalt altar of Yredelemnul.
 82436 | Crypt:1  | Entered Level 1 of the Crypt
 82449 | Crypt:1  | Noticed Boris
 83079 | Vaults:3 | Killed Boris
 83989 | Vaults:4 | Reached skill level 19 in Earth Magic
 84767 | Vaults:4 | Reached XP level 23. HP: 144/144 MP: 31/42
 86227 | Elf:1    | Entered Level 1 of the Elven Halls
 86250 | Abyss:3  | Cast into level 3 of the Abyss (a deep elf sorcerer)
 86604 | Elf:1    | Escaped the Abyss
 87105 | Elf:1    | Found Toseba's General Store.
 87122 | Elf:1    | Bought the +1 pair of boots "Geysez" {Regen+} for 297 gold
                  | pieces
 87208 | Elf:1    | Reached skill level 20 in Earth Magic
 88252 | Elf:1    | Noticed Roxanne
 88254 | Elf:1    | Killed Roxanne
 88404 | Elf:2    | Found Nopn's Weapon Shoppe.
 88758 | Elf:2    | Found Toxantips's Armour Shoppe.
 88800 | Elf:2    | Found a runed translucent gate.
 88801 | Elf:2    | Found a runed translucent gate.
 88801 | Elf:2    | Found a runed translucent gate.
 89088 | Elf:2    | Reached skill level 10 in Staves
 90677 | Elf:3    | Entered Level 3 of the Elven Halls
 91012 | Elf:3    | Reached XP level 24. HP: 151/151 MP: 37/44
 91410 | Elf:3    | Found a runed translucent door.
 91410 | Elf:3    | Noticed kalagan's ghost (adept DECj)
 91417 | Elf:3    | Killed kalagan's ghost
 91418 | Elf:3    | Reached skill level 21 in Earth Magic
 91490 | Elf:3    | Got Potwi's Annotations on the Throng
 91899 | Elf:3    | Identified the +4 plate armour of the Moon {Stlth+}
 92011 | Elf:3    | Identified the +0 spear "Lifebane" {heavy, rF+}
 92046 | Elf:3    | Found the -2 hat of the Alchemist {rElec rPois rF+ rC+ rN+
                  | Will+ rMut rCorr}
 92054 | Elf:3    | Identified the ring "Cocekh" {*Slow rPois Will+ Str+4
                  | Int+6}
 92061 | Elf:3    | Identified the +0 pair of gloves "Pegeps" {Dex+5}
 92079 | Elf:3    | Identified the +10 sling "Ejofit" {heavy, +Blink rElec
                  | Will- Str+5}
 92085 | Elf:3    | Got the Handbook of the Algid Retinue
 92119 | Elf:3    | Identified the staff of poison "Xubleb" {rPois rF+ rCorr
                  | Dex+3}
 92129 | Elf:3    | Found the +1 robe of Vines {NoPotionHeal Regen++++}
 92586 | Vaults:5 | Entered Level 5 of the Vaults
 92595 | Vaults:5 | Noticed an ancient lich
 92597 | Vaults:5 | Killed an ancient lich
 92714 | Vaults:5 | Noticed a dread lich
 92896 | Vaults:5 | Killed a dread lich
 93031 | Vaults:5 | Reached skill level 22 in Earth Magic
 93450 | Vaults:5 | Noticed an ancient lich
 93454 | Vaults:5 | Killed an ancient lich
 93455 | Vaults:5 | Reached XP level 25. HP: 156/156 MP: 32/45
 93743 | Vaults:5 | Identified the ring "Mughuz" {rC+ rN++ Will- Str+3}
 93893 | Vaults:5 | Identified the +0 pair of gloves of Negation {rC+ Regen+
                  | Str+2 Stlth+}
 93990 | Vaults:5 | Got the Compilation of Changed Despair
 93998 | Vaults:5 | Learned a level 5 spell: Irradiate
 94041 | Vaults:5 | Identified the +0 pair of gloves of Yredelemnul's Outrage
                  | {Int+5}
 94080 | Vaults:5 | Reached skill level 1 in Transmutations
 94174 | Vaults:5 | Acquired a ring of wizardry
 94658 | Vaults:5 | Identified the +1 dire flail "Itunt" {heavy, Dex+2}
 95523 | Vaults:5 | Got Ushemoh's Vellum of Sweltering Conduction
 95594 | Vaults:5 | Identified the staff of cold "Yvyupox" {rPois rC+}
 95598 | Vaults:5 | Identified the +5 scale mail of the Buccaneer {Regen+ SInv
                  | Stlth+}
 95610 | Vaults:5 | Learned a level 9 spell: Fire Storm
 95620 | Vaults:5 | Identified the +1 war axe of Defenestration {heavy, rN+}
 95697 | Vaults:5 | Got a silver rune of Zot
 96331 | Crypt:1  | You are sucked into a shaft and drop 1 floor!
 97135 | Crypt:2  | Reached skill level 10 in Fire Magic
 98102 | Crypt:3  | Entered Level 3 of the Crypt
 98477 | Crypt:3  | Found a staircase to the Tomb.
 98851 | Crypt:3  | Reached XP level 26. HP: 163/163 MP: 44/45
 99125 | Crypt:3  | Noticed a dread lich
 99143 | Crypt:3  | Killed a dread lich
 99300 | Crypt:3  | Learned a level 2 spell: Blink
 99918 | D:13     | You paid a toll of 5 scrolls of blinking to enter a
                  | treasure trove
 99919 | Trove    | Entered a treasure trove
 99945 | Trove    | Got Fumanyxoch's Quarto of the Nival Brume
 99973 | Trove    | Got Zomytad's Book of the Scintillating Welkin
 99990 | Trove    | Got the Guide on the Cure
 99998 | Trove    | Got Sif Muna's Exposition on Bright Thunder
100212 | Tomb:1   | Entered Level 1 of the Tomb of the Ancients
100728 | Tomb:1   | Identified the +4 quarterstaff of Makhleb's Inspiration
                  | {freeze, Fragile rC+++ Will+}
100819 | Tomb:1   | Noticed a royal mummy
100820 | Tomb:1   | Noticed a royal mummy
100823 | Tomb:1   | Noticed a royal mummy
100825 | Tomb:1   | Killed a royal mummy
100825 | Tomb:1   | Killed a royal mummy
100827 | Tomb:1   | Noticed a royal mummy
100828 | Tomb:1   | Killed a royal mummy
100828 | Tomb:1   | Noticed a royal mummy
100831 | Tomb:1   | Killed a royal mummy
100832 | Tomb:1   | Reached skill level 15 in Fire Magic
100836 | Tomb:1   | Killed a royal mummy
100988 | Tomb:1   | Noticed a royal mummy
101003 | Tomb:1   | Killed a royal mummy
101146 | Tomb:1   | Noticed a royal mummy
101153 | Tomb:1   | Killed a royal mummy
101158 | Tomb:1   | Noticed a royal mummy
101163 | Tomb:1   | Noticed a royal mummy
101165 | Tomb:1   | Noticed a royal mummy
101167 | Tomb:1   | Noticed a royal mummy
101170 | Tomb:1   | Killed a royal mummy
101184 | Tomb:1   | Killed a royal mummy
101195 | Tomb:1   | Killed a royal mummy
101202 | Tomb:1   | Killed a royal mummy
101470 | Tomb:1   | Noticed a royal mummy
101475 | Tomb:1   | Killed a royal mummy
102568 | Depths:2 | Killed Chiseanne's ghost
102613 | Depths:2 | Got the Secrets of the Legion
102802 | Depths:3 | Reached XP level 27. HP: 171/176 MP: 45/45
105909 | Depths:4 | Entered Level 4 of the Depths
106034 | Depths:4 | Noticed a juggernaut
106039 | Depths:4 | Killed a juggernaut
106380 | Depths:4 | Found a gate to the Realm of Zot.
106392 | Depths:4 | Reached skill level 10 in Stealth
107788 | Hell     | Entered the Vestibule of Hell
107788 | Hell     | Noticed Geryon
107798 | Hell     | Reached skill level 10 in Armour
107801 | Hell     | Killed Geryon
108389 | Hell     | Found a gateway to the ashen valley of Gehenna.
108647 | Hell     | Found a gateway to the decaying netherworld of Tartarus.
108724 | Hell     | Found a gateway to the freezing wastes of Cocytus.
109130 | Hell     | Found a gateway to the Iron City of Dis.
109220 | Geh:1    | Entered Level 1 of Gehenna
109970 | Geh:1    | You are sucked into a shaft and drop 1 floor!
110033 | Geh:2    | Noticed a dread lich
110041 | Geh:2    | Killed a dread lich
112416 | Geh:7    | Entered Level 7 of Gehenna
112596 | Geh:7    | Learned a level 1 spell: Apportation
114156 | Geh:7    | Identified the +6 lajatang of an ice cave {vamp, rElec
                  | Int+3}
114157 | Geh:7    | Identified the staff of air "Ynapn" {rElec rC+ rN+}
114332 | Geh:7    | Found the +13 sceptre of Asmodeus
114332 | Geh:7    | Noticed Asmodeus
114364 | Geh:7    | Killed Asmodeus
114463 | Geh:7    | Got Vehumet's Spellbook of Blasting
114474 | Geh:7    | Found the +9 sword of Zonguldrok {reap}
114489 | Geh:7    | Identified the amulet "Jiasocut" {Reflect Int+2 SH+5}
114502 | Geh:7    | Identified the staff of conjuration "Giusuna" {rN+ rCorr
                  | Str-5 Int+2}
114511 | Geh:7    | Identified the +1 spear of Wondrous Power {heavy, rElec
                  | Str-2 Int+3}
114542 | Geh:7    | Got an obsidian rune of Zot
114551 | Geh:7    | Identified the +6 dagger "Nineut" {pain, rPois Will+}
114557 | Geh:7    | Identified the staff of poison "Cuhoulur" {rPois Dex+3}
115541 | Coc:1    | Entered Level 1 of Cocytus
116120 | Coc:2    | Reached skill level 5 in Transmutations
117501 | Coc:3    | Learned a level 3 spell: Swiftness
118069 | Coc:4    | Reached skill level 1 in Air Magic
118792 | Hell     | Killed from afar by a shard shrike

Illustrated notes

Levels and vault maps discovered:
D:1:      elethiomel_arrival_infinity_welcomes_careful_drivers, layout_rooms,
          hellmonk_ecumenical_altar_heavens_door, serial_shops, shop
D:2:      layout_basic, basic_altar
D:3:      layout_loops_corners, serial_undead, serial_undead_b, serial_undead_e,
          serial_undead_c, serial_undead_a, serial_undead_b, serial_undead_f,
          serial_undead_f, serial_undead_b, kennysheep_generic_room_3,
          uniq_grinder
D:4:      layout_loops_corners, mainiacjoe_overflow_chevrons,
          mainiacjoe_overflow_catch_the_wave, kennysheep_generic_room_9,
          uniq_eustachio, uniq_sigmund, uniq_blork_the_orc
D:5:      layout_loops_ring, mainiacjoe_overflow_alcove_4,
          minmay_temple_entry_grid, cheibrodos_sewer_entry_sluice,
          minmay_statues_item, uniq_menkaure
D:6:      layout_basic, nicolae_wu_jian_wuxing_cycle,
          worldfamousw_hep_ancestral_shrine
D:7:      layout_rooms, uniq_duvessa
D:8:      minmay_skewed_foursquare, layout_layer_cave, lemuel_round_altar,
          lair_entry_dummy
D:9:      layout_basic, general_overflow_altar, chequers_serial_rivers_room_a
D:10:     layout_loops_corners, david_orc_2
D:11:     layout_gridville, gammafunk_ghost_stat_death, uniq_fannar
D:12:     layout_irregular_city
D:13:     layout_basic, enter_trove_0, serial_shops,
          nicolae_shop_back_alley_shop, nicolae_shop_waterfront, shop
D:14:     layout_basic, ximxim_vaults_locker_room, nicolae_hexahallways
D:15:     gammafunk_enter_depths_forms, layout_basic, serial_shops,
          nicolae_shop_tiny_waterfront
Lair:1:   layout_gridlike, hellmonk_ghost_happy_afterlife, evilmike_ambush
          [evilmike_ambush_outer_basic, evilmike_ambush_inner_basic]
Lair:2:   layout_loops_ring, minmay_swamp_entry_swarm, minmay_hedge_maze,
          eino_small_chamber_without_monster
Lair:3:   layout_roguey, guppyfry_snake_entry_island, basic_altar
Lair:4:   layout_small_grid, st_stairs_10
Lair:5:   cheibrodos_lair_end_hotspot, layout_regular_city, slime_entry_1,
          grunt_forest_large_clearings
Swamp:1:  layout_basic_swamp, evilmike_swamp_ruin_house_5
Swamp:2:  layout_basic_swamp, gammafunk_ghost_split,
          nicolae_swamp_decorative_isthmus, swamp_pool5, hangedman_swamp_dais
Swamp:3:  layout_basic_swamp, lemuel_altar_in_water, ldierk_geyser
Swamp:4:  swamp_alternative, layout_basic_swamp, infiniplex_staircase_pool
Snake:1:  layout_onion, drop_trap, minmay_shoptagon, grunt_megastairs_1
Snake:2:  layout_basic, st_stairs_4
Snake:3:  layout_cave_town, lemuel_oklob_altar
Snake:4:  grunt_snake_rune_serpentine_throne, layout_cave_pods,
          serial_bayou_shore_b, uniq_aizul
Orc:1:    layout_caves, basic_altar, ebering_ghost_rock_garden
Orc:2:    st_orc_town, layout_diamond_mine
Elf:1:    eino_elf_arrival_shootout, layout_onion_city, serial_shops, shop,
          hangedman_elf_represent, uniq_roxanne
Elf:2:    elven_hall_of_blades_hangedman_original [nicolae_blade_lattice],
          layout_loops_corners, serial_shops, shop, nicolae_stop_n_shop_1,
          minmay_crystal_room, nrook_loot_triangle, drop_trap, hex_medium
Elf:3:    minmay_elf_hall, layout_geoelf_diagonals, gammafunk_ghost_grave,
          nrook_mini_backslash, minmay_elf_demonology
Vaults:1: nicolae_vaults_little_squares_3, st_greater_box_3,
          nicolae_vaults_shrinking_rooms_2, nicolae_vaults_diamond_2, v_misc_25,
          vaults_room_pools, nicolae_vaults_trapezoid_lopsided_1,
          vaults_dpeg_diagonal, vaults_room_pool, vaults_room_stairs_pillars,
          layout_vaults_omnibox, serial_shops,
          nicolae_shop_tiny_real_fake_doors, nicolae_diamond_shop,
          nicolae_shop_hallway_stairs, nicolae_shop_getting_attention
Vaults:2: nicolae_vaults_shelves_hall, v_rooms_1, nicolae_vaults_trapezoid_1,
          nicolae_vaults_tetromino_T_2, ontoclasm_vaults_ring_square,
          ontoclasm_vaults_ligature, ontoclasm_vaults_loading_screen,
          nicolae_vaults_tetromino_Z_1, layout_vaults_omnigrid, serial_shops,
          nicolae_shop_real_fake_doors
Vaults:3: nicolae_vaults_specimen_jars, nicolae_vaults_more_shelving_1,
          nicolae_vaults_inception_network, minmay_crypt_entry_necro_gods,
          nicolae_vaults_rhombus_6, ontoclasm_vaults_chip,
          nicolae_vaults_storage_closets_3, nicolae_vaults_six-pack,
          vaults_room_pool, ontoclasm_vaults_decontamination,
          layout_vaults_big_cross, uniq_asterion, uniq_bai_suzhen
Vaults:4: nicolae_vaults_sightless_eye, nicolae_vaults_trapezoid_4,
          hangedman_vaults_river_flow, ontoclasm_vaults_chip, v_misc_28,
          v_misc_16, vaults_room_large_hall, grunt_vaults_diagonal,
          nicolae_vaults_hexular_roomagon, st_check, nicolae_vaults_asterisk,
          vaults_dpeg_ring, layout_vaults_chaotic_city
Vaults:5: serial_shops
Crypt:1:  layout_misc_corridors, grunt_megastairs_2, uniq_boris
Crypt:2:  layout_regular_city
Crypt:3:  due_elkab, layout_chaotic_city, minivault_5
Tomb:1
Depths:1: layout_small_grid, enter_ziggurat_e, rand_demon_pan_entry_8,
          hell_entry, st_stairs_12, lightli_fourway_metalbox
Depths:2: minmay_the_grid_triangle_9x9_line_8_mashed
          [minmay_the_grid_triangle_9x9_cache,
          minmay_the_grid_triangle_9x9_corruption,
          minmay_the_grid_triangle_9x9_minimal,
          minmay_the_grid_triangle_9x9_intruding_spiral,
          minmay_the_grid_triangle_9x9_impossible_snake,
          minmay_the_grid_triangle_9x9_stretched_checkered,
          minmay_the_grid_triangle_9x9_checkered,
          minmay_the_grid_triangle_9x9_prize_top_heavy], layout_gridlike,
          okawaru_trees_1, abyss_entry, serial_shops, nicolae_shop_drivethru,
          shop, lightli_enter_wizlab_magi_temple, grunt_pan_entry_zigzag,
          gammafunk_ghost_ooze, hell_entry, xom_confusion_cloud,
          minmay_staircase_bubble
Depths:3: minmay_concentric_multi, layout_twisted_cross,
          marbit_kobold_abyss_entry, rand_demon_pan_entry_7, hell_entry,
          nicolae_concentric_dashed_squares_wild, minmay_misc_feat_doors,
          minmay_staircase_statues
Depths:4: grunt_x_marks_the_spot, layout_small_grid, hell_entry,
          hangedman_decor_opposing
Hell
Geh:1:    layout_gehenna_pools_box
Geh:2:    layout_gehenna_lava_caves
Geh:3:    layout_gehenna_pools_triple
Geh:4:    layout_gehenna_pools_basic, nicolae_geh_lava_shack
Geh:5:    layout_gehenna_lava_caves
Geh:6:    layout_gehenna_lava_caves, nicolae_geh_gnashing_of_teeth
Geh:7:    geh_mu
Coc:1:    layout_ice_bergs
Coc:2:    layout_ice_bergs, nicolae_coc_icebean_singular
          [nicolae_sub_coc_subbean]
Coc:3:    nicolae_coc_icebeans_plural [nicolae_sub_coc_subbean,
          nicolae_sub_coc_subbean, nicolae_sub_coc_subbean,
          nicolae_sub_coc_subbean], layout_cocytus_delve
Coc:4:    layout_cocytus_delve
Coc:5:    layout_cocytus_delve

Skill      XL: |  1  2  3  4  5  6  7  8  9 10 11 12 13 14 15 16 17 18 19 20 21 22 23 24 25 26 27 |
---------------+----------------------------------------------------------------------------------+-----
Fighting       | 1 3 4 5 6 9 10 12 13 15 18 19 | 19.2
Earth Magic    | 4 5 7 9 10 11 12 14 15 16 17 19 20 22 | 22.2
Maces & Flails | 2 3 4 5 7 8 10 12 | 12.2
Spellcasting   | 3 4 5 6 7 8 9 10 11 12 13 14 15 17 18 21 | 21.5
Conjurations   | 2 3 4 6 7 9 10 11 12 13 14 15 16 17 18 | 18.3
Shields        | 3 4 5 7 |  7.2
Translocations | 2 4 5 7 10 13 | 13.6
Fire Magic     | 3 5 6 7 13 16 20 | 20.3
Armour         | 6 9 14 | 14.3
Evocations     | 6 7 8 |  8.0
Necromancy     | 3 5 6 8 |  8.3
Dodging        | 3 5 6 8 |  8.2
Stealth        | 9 10 | 10.0
Staves         | 1 7 10 12 | 12.6
Transmutations | 3 6 |  6.7
Air Magic      | 1 |  1.9

Action                     |  1- 3 |  4- 6 |  7- 9 | 10-12 | 13-15 | 16-18 | 19-21 | 22-24 | 25-27 || total
---------------------------+-------+-------+-------+-------+-------+-------+-------+-------+-------++-------
  Melee: Unarmed           |    29 |       |       |       |       |       |       |       |       ||    29
         Mace              |    23 |     6 |     3 |       |       |       |       |       |       ||    32
         Flail             |       |       |    87 |   179 |   574 |   374 |       |       |       ||  1214
         Punch             |       |       |     1 |       |       |       |       |       |       ||     1
         Eveningstar       |       |       |       |       |       |    10 |   110 |       |       ||   120
         Demon whip        |       |       |       |       |       |       |   489 |       |       ||   489
         Staff             |       |       |       |       |       |       |   190 |   632 |   887 ||  1709
   Cast: Sandblast         |    51 |    33 |   118 |    52 |    44 |    87 |    32 |     8 |     4 ||   429
         Stone Arrow       |       |     1 |   101 |   128 |   157 |    55 |    14 |    21 |    45 ||   522
         Iskenderun's Myst |       |       |       |    31 |    43 |    40 |    34 |    32 |    16 ||   196
         Fireball          |       |       |       |    31 |   177 |   213 |    46 |    19 |    41 ||   527
         Iron Shot         |       |       |       |       |    35 |   244 |   110 |    82 |       ||   471
         Borgnjor's Vile C |       |       |       |       |     1 |    13 |    46 |    15 |    13 ||    88
         Passwall          |       |       |       |       |       |     1 |     5 |       |     1 ||     7
         Orb of Destructio |       |       |       |       |       |    80 |   105 |     5 |       ||   190
         Lehudib's Crystal |       |       |       |       |       |       |   144 |   117 |   406 ||   667
         Shatter           |       |       |       |       |       |       |       |    67 |   158 ||   225
         Irradiate         |       |       |       |       |       |       |       |       |    41 ||    41
         Blink             |       |       |       |       |       |       |       |       |     9 ||     9
         Fire Storm        |       |       |       |       |       |       |       |       |     8 ||     8
  Evoke: Wand              |       |       |       |     3 |    14 |    49 |    35 |     4 |    39 ||   144
         Box of beasts     |       |       |       |       |       |       |       |       |     1 ||     1
    Use: Scroll            |       |     9 |    11 |    12 |     8 |     7 |    19 |     9 |    19 ||    94
         Potion            |       |       |       |     2 |     4 |     2 |    11 |       |    10 ||    29
   Stab: Sleeping          |       |       |     1 |       |       |       |     2 |     2 |     1 ||     6
         Invisible         |       |       |       |       |       |     1 |       |       |     3 ||     4
         Paralysed         |       |       |       |       |       |     8 |     5 |       |       ||    13
         Distracted        |       |       |       |       |       |       |       |     1 |     3 ||     4
 Armour: Robe              |    30 |     5 |   136 |   211 |   381 |   456 |   457 |   303 |   276 ||  2255
         Fire dragon scale |       |       |       |       |       |       |       |       |   248 ||   248
  Dodge: Dodged            |    56 |    11 |   126 |   145 |   378 |   489 |   517 |   266 |   744 ||  2732
         Repelled          |       |       |       |       |     5 |    43 |    19 |    11 |    31 ||   109
  Block: Buckler           |       |       |    10 |    70 |   176 |   254 |   258 |   193 |   349 ||  1310
         Reflection        |       |       |       |       |       |       |       |    15 |     4 ||    19
